 Dungeon Crawl Stone Soup version 0.30.0-10-gfe55d96785 (webtiles) character file.

Game seed: 11071803320612178725

58 SnakkuSnakku7 the Caller (level 3, 0/32 HPs)
             Began as an Armataur Summoner on May 14, 2023.
             Was a Believer of Sif Muna.
             Succumbed to an adder's poison
             ... on level 2 of the Dungeon.
             The game lasted 00:02:24 (1057 turns).

SnakkuSnakku7 the Caller (Armataur Summoner)        Turns: 1057, Time: 00:02:24

Health: 0/32       AC:  4    Str: 11 (15) XL:     3   Next: 75%
Magic:  4/5        EV:  9    Int: 13 (15) God:    Sif Muna [**....]
Gold:   64         SH:  0    Dex:  8 (10) Spells: 4/5 levels left

rFire   . . .        a - +0 mace
rCold   . . .        (no shield)
rNeg    . . .        j - +0 robe
rPois   .            (no helmet)
rElec   .            (no cloak)
rCorr   .            (no gloves)
SInv    .            (no barding)
Will    .....        (no amulet)
Stlth   ++           (no ring)
HPRegen 0.25/turn    (no ring)
MPRegen 0.09/turn

%: roll
@: lethally poisoned (0 -> -5), attractive
A: large, rugged brown scales 3, deformed body, armoured tail, roll, long
tongue, awkward tongue
a: Renounce Religion, Channel Magic


You were on level 2 of the Dungeon.
You worshipped Sif Muna.
Sif Muna was pleased with you.
You visited 1 branch of the dungeon, and saw 2 of its levels.

You collected 64 gold pieces.

Inventory:

Hand Weapons
 a - a +0 mace (weapon)
 c - a +0 whip
Armour
 j - a +0 robe (worn)
Scrolls
 e - a scroll of poison {unknown}
 g - 3 scrolls of identify {unknown}
 h - 2 scrolls of immolation {unknown}
 l - a scroll of enchant weapon {unknown}
Potions
 b - a potion of magic


   Skills:
 - Level 2.5 Fighting
 + Level 1.0 Maces & Flails
 + Level 0.8 Throwing
 - Level 1.3 Dodging
 - Level 2.1 Stealth
 - Level 1.7 Spellcasting
 - Level 3.2 Summonings


You had 4 spell levels left.
You knew the following spells:

 Your Spells              Type           Power      Damage    Failure   Level
a - Summon Small Mammal   Summ           36%        N/A       7%          1

Your spell library contained the following spells:

 Spells                   Type           Power      Damage    Failure   Level
 Call Imp                 Summ           18%        N/A       11%         2
 Call Canine Familiar     Summ           9%         N/A       21%         3
 Summon Guardian Golem    Hex/Summ       5%         N/A       38%         3
 Summon Lightning Spire   Summ/Air       5%         N/A       80%         4


Dungeon Overview and Level Annotations

Branches:
Dungeon (2/15)

Altars:
Gozag
Sif Muna


Innate Abilities, Weirdness & Mutations

You are completely covered in rugged brown scales. (AC +3, +7% HP)
Armour fits poorly on your strangely shaped body.
You have a long armoured tail.
You roll when moving toward enemies. (Rampage)
Your long tongue fully drains potion bottles. (2x potion effects)
Your tongue gives you trouble enunciating. (1.5x scroll delay)


Message History

The adder bites you but does no damage. The bat closely misses your rat.
Your rat closely misses the bat.
Unknown command.
Unknown command.
You miss the adder.
Your tail-slap misses the adder.
The adder is severely wounded.
You feel sick. The bat completely misses your rat.
The bat barely misses your rat. x2; The adder bites you but does no damage.
The bat hits your rat.
Your rat closely misses the bat.
The adder bites you but does no damage.
Casting: Summon Small Mammal (safe; 6% risk of failure)
Confirm with . or Enter, or press ? or * to list all spells.
You feel sick.
The bat hits your rat but does no damage. x2
The adder bites you.
* * * LOW HITPOINT WARNING * * *
You are lethally poisoned!
The adder poisons you! The bat closely misses your rat.
Your rat bites the bat.
It was a potion of degeneration.
There was something very wrong with that liquid.
You feel weakened.
You feel dopey.
You feel clumsy.
You slurp down every last drop of the potion of degeneration!
* * * LOW HITPOINT WARNING * * *
You feel sick. The bat closely misses your rat. The bat barely misses your rat.
The adder bites you but does no damage. The bat barely misses your rat.
Your rat barely misses the bat.
The adder closely misses you.
It was a potion of attraction.
You feel attractive to monsters.
You slurp down every last drop of the potion of attraction!
* * * LOW HITPOINT WARNING * * *
You feel sick.
The bat hits your rat but does no damage.
The bat hits your rat.
Your rat dies!
Your rat's corpse disappears in a puff of smoke!
The adder closely misses you.
Your rat bites the adder.
The bat is attracted toward you.
You barely miss the adder.
The adder is severely wounded.
You die...

#.##....##..>....##.####
.....###.........##..).#
###...##.#.......#####.####
# .###.#.#.......##.......#
#. .##.......##.......# #.
.# ##########.......# ##
#.......# .. ######.......#
####.##(S@.........#
........rb§#.......#
#.##.##.##§##...####
#)##....#..# ##.##..#...#..
#....#...#...#.
#..#...#...#..
#...(#(..#...#
#..#...#...#.b


You could see an adder (ally target), a bat and a friendly rat (summoned).

Vanquished Creatures
  An adder (D:2)
  2 dart slugs (D:1)
  5 endoplasms
  2 giant cockroaches (D:2)
  5 goblins
  3 hobgoblins (D:1)
  2 jackals (D:2)
  2 quokkas (D:1)
  2 ball pythons
  4 bats
  5 kobolds
  6 rats
39 creatures vanquished.

Vanquished Creatures (collateral kills)
  A quokka (D:1)
  A bat (D:1)
  2 kobolds (D:1)
4 creatures vanquished.

Grand Total: 43 creatures vanquished

Notes
Turn   | Place    | Note
-------+----------+-------------------------------------------
     0 | D:1      | SnakkuSnakku7 the Armataur Summoner began the quest for the
                  | Orb.
     0 | D:1      | Reached XP level 1. HP: 14/14 MP: 3/3
    87 | D:1      | Reached skill level 1 in Fighting
   190 | D:1      | Reached XP level 2. HP: 10/24 MP: 2/4
   229 | D:1      | Found a faded altar of an unknown god.
   239 | D:1      | Prayed at the altar of an unknown god.
   239 | D:1      | Became a worshipper of Sif Muna the Loreminder
   239 | D:1      | Reached * piety under Sif Muna
   779 | D:2      | Reached XP level 3. HP: 32/32 MP: 5/5
   846 | D:2      | Found an opulent altar of Gozag.
   861 | D:2      | Reached ** piety under Sif Muna
  1031 | D:2      | Reached skill level 1 in Maces & Flails
  1057 | D:2      | Succumbed to an adder's poison

Illustrated notes

Levels and vault maps discovered:
D:1:      sevenhm_arrival_forest_fort_large_4, layout_loops_cross,
          shapermc_ecumenical_altar_pompeii
D:2:      layout_loops_cross, basic_altar, hex_medium

Skill      XL: |  1  2  3 |
---------------+----------+-----
Fighting       | 1 2 |  2.5
Maces & Flails | 1 |  1.0
Throwing       | |  0.8
Dodging        | |  1.3
Stealth        | |  2.1
Spellcasting   | |  1.7
Summonings     | |  3.2

Action                     || total
---------------------------++-------
  Melee: Whip              ||    71
         Unarmed           ||     4
         Tailslap          ||    15
         Mace              ||    55
         Punch             ||     2
  Throw: Dart              ||     4
         Throwing net      ||     2
   Cast: Summon Small Mamm ||     5
    Use: Potion            ||     2
   Stab: Sleeping          ||     7
 Armour: Robe              ||    69
  Dodge: Dodged            ||    91
